 Dungeon Crawl Stone Soup version 0.19-a0-1008-g4c63d25 (webtiles) character file.

59 LordPoison the Sneak (level 3, -1/14 HPs)
             Began as a Felid Wanderer on July 22, 2016.
             Slain by an ogre
             ... wielding a +0 giant spiked club
              (15 damage)
             ... on level 4 of the Dungeon.
             The game lasted 00:09:20 (2837 turns).

LordPoison the Sneak (Felid Wanderer)               Turns: 2837, Time: 00:09:21

Health: -1/14      AC:  1    Str:  5    XL:     3   Next: 78%
Magic:  6/8        EV: 15    Int: 16    God:
Gold:   127        SH:  0    Dex: 16    Spells: 1 memorised, 6 levels left
                                        Lives:  0   Deaths: 0

rFire  + . .     SeeInvis +     (weapon unavailable)
rCold  . . .     Gourm    .     (armour unavailable)
rNeg   . . .     Faith    .     (shield unavailable)
rPois  .         Spirit   .     (helmet unavailable)
rElec  .         Dismiss  .     (cloak unavailable)
rCorr  .         Reflect  .     (gloves unavailable)
SustAt +         Harm     .     (boots unavailable)
MR     .....                    (no amulet)
Stlth  +++.......               j - ring of sustain attributes
                                g - ring of protection from fire

@: quick, not resistant to hostile enchantments, fairly stealthy
A: no armour, no weapons or thrown items, claws 1, fangs 3, see invisible,
carnivore 3, speed 1, shaggy fur 1, slow metabolism 1, sharp paws
a: no special abilities


You were on level 4 of the Dungeon.
You were completely stuffed.

You visited 1 branch of the dungeon, and saw 3 of its levels.

You collected 127 gold pieces.

Inventory:

Jewellery
 g - a ring of protection from fire (left paw)
 j - a ring of sustain attributes (right paw)
Scrolls
 a - a scroll of fear
 e - a scroll of recharging
 f - a scroll of noise {unknown}
 p - a scroll of fog {unknown}
 q - a scroll of amnesia {unknown}
 r - a scroll of magic mapping {unknown}
Potions
 k - a potion of curing {unknown}
 m - a potion of degeneration {unknown}
 n - a potion of cure mutation {unknown}
 o - a potion of agility {unknown}
Books
 b - the Volume of the Glacier

   Spells                             Type                      Level
   a - Throw Frost                    Conjuration/Ice              2
   b - Ensorcelled Hibernation        Hexes/Ice                    2
 c - the Compendium of Orthodoxy

   Spells                             Type                      Level
   a - Sting                          Conjuration/Poison           1
   b - Spider Form                    Transmutation/Poison         3
Comestibles
 d - a meat ration
 h - a royal jelly
 i - a chunk of flesh
 l - a beef jerky


   Skills:
 + Level 3.7 Stealth
 + Level 3.0 Spellcasting
 + Level 2.4 Hexes
   Level 2.6 Earth Magic
   Level 2.6 Poison Magic


You had 6 spell levels left.
You knew the following spells:

 Your Spells              Type           Power        Failure   Level  Hunger
a - Ensorcelled Hibernat  Hex/Ice        #.....       21%         2    ##.....


Dungeon Overview and Level Annotations

Branches:
Dungeon (2/15)

Altars:
Okawaru


Innate Abilities, Weirdness & Mutations

You cannot wear armour.
You are incapable of wielding weapons or throwing items.
You have sharp claws.
You have razor-sharp teeth.
You have supernaturally acute eyesight. (SInv)
You are carnivorous and can eat meat at any time.
You cover ground quickly.
You are covered in fur. (AC +1)
You have a slow metabolism.
Your sharp claws are effective at attacking unaware monsters.


Message History

The ogre is moderately wounded.
The ogre barely misses you.
Casting: Ensorcelled Hibernation
Confirm with . or Enter, or press ? or * to list all spells.
Aiming: Ensorcelled Hibernation
Press: ? - help, Shift-Dir - straight line, f - ogre
Aim: an ogre, wielding a giant spiked club (moderately wounded, chance to defeat MR: 37%)
The ogre looks drowsy...
The helpless ogre fails to defend itself.
You scratch the ogre.
The ogre is heavily wounded.
The ogre barely misses you.
Casting: Ensorcelled Hibernation
Confirm with . or Enter, or press ? or * to list all spells.
Aiming: Ensorcelled Hibernation
Press: ? - help, Shift-Dir - straight line, f - you, p - ogre
Okay, then.
The ogre hits you with a giant spiked club!
Ouch! That really hurt!
You die...

#..##.[.#
#...(########
.....##........#
...## #........#
......##....$..###
#.......$......
#####.......###
#.O......##
#<.@.......
#####..###. ....#
..... .... .. .


You could see an ogre.

Vanquished Creatures
  An adder (D:2)
  A dart slug (D:2)
  2 giant geckos (D:1)
  6 giant cockroaches
  3 goblins
  6 hobgoblins
  6 jackals (D:1)
  9 bats
  A kobold (D:1)
  8 rats
43 creatures vanquished.

Notes
Turn   | Place    | Note
-------+----------+-------------------------------------------
     0 | D:1      | LordPoison the Felid Wanderer began the quest for the Orb.
     0 | D:1      | LordPoison set off with: a scroll of fear, the Volume of the Glacier, the Compendium of Orthodoxy, a meat ration
     0 | D:1      | Reached XP level 1. HP: 7/7 MP: 4/4
   390 | D:1      | Reached XP level 2. HP: 11/11 MP: 6/6
   680 | D:1      | Identified the Volume of the Glacier
   680 | D:1      | Identified the Compendium of Orthodoxy
   683 | D:1      | Learned a level 2 spell: Ensorcelled Hibernation
  1397 | D:1      | Reached skill level 1 in Hexes
  1743 | D:1      | Reached XP level 3. HP: 14/14 MP: 8/8
  2398 | D:2      | Found an iron altar of Okawaru.
  2820 | D:2      | You fall through a shaft for 2 floors!
  2823 | D:4      | Noticed an ogre
  2837 | D:4      | Slain by an ogre

Vault maps used:
D:1:      lightli_arrival_windingriver, feat_on_display
D:2:      minmay_item_behind_shaft, okawaru_gym_becter
D:4:      eat_drink_and_be_merry_uskayaw, first_bread, minmay_surrounded

Skill      XL: |  1  2  3 |
---------------+----------+-----
Stealth        | 3 |  3.7
Hexes          | 1 2 |  2.4
Spellcasting   | 3 |  3.0
Earth Magic    | |  2.6
Poison Magic   | |  2.6

Action                   || total
-------------------------++-------
Melee: Unarmed           ||   128
       Bite              ||    10
 Cast: Ensorcelled Hiber ||    27
  Use: Scroll            ||     2
 Stab: Sleeping          ||    34
       Distracted        ||     1
  Eat: Chunk             ||    13
Armor: Skin              ||    11
Dodge: Dodged            ||    97
